 Dungeon Sprint DCSS version 0.31-a0-466-g98c9adc2b6 (webtiles) character file.

Game seed: 12439909058068070253

1237 dialectric the Basher (level 8, -17/86 HPs)
             Began as a Minotaur Berserker on Aug 5, 2023.
             Was an Elder of Trog.
             Shot with an arrow by a centaur warrior (28 damage)
             ... in the Dungeon (Sprint I: "Red Sonja").
             The game lasted 00:01:31 (415 turns).

dialectric the Basher (Minotaur Berserker)           Turns: 415, Time: 00:01:33

Health: -17/86     AC:  3    Str: 22    XL:     8   Next: 24%
Magic:  7/7        EV: 14    Int:  4    God:    Trog [****..]
Gold:   375        SH:  0    Dex: 12    Spells: 7/7 levels left

rFire   . . .        a - +0 mace
rCold   . . .        (no shield)
rNeg    . . .        j - +0 leather armour
rPois   .            (helmet restricted)
rElec   .            (no cloak)
rCorr   .            (no gloves)
SInv    .            (no boots)
Will    .....        (no amulet)
Stlth   +            (no ring)
HPRegen 0.34/turn    (no ring)
MPRegen 0.10/turn

%: no teleportation
@: no status effects
A: horns 2, retaliatory headbutt
a: Renounce Religion, Berserk, Trog's Hand, Brothers in Arms


You were in the Dungeon.
You worshipped Trog.
Trog was greatly pleased with you.
You visited 1 branch You collected 417 gold pieces.
You spent 42 gold pieces at shops.

Inventory:

Hand Weapons
 a - a +0 mace (weapon)
Armour
 b - a +0 animal skin
 j - a +0 leather armour (worn)
Wands
 i - a wand of quicksilver (8)
Potions
 c - a potion of resistance {unknown}
 d - a potion of heal wounds
 e - a potion of haste
 f - 2 potions of magic
 g - a potion of berserk rage
 k - a potion of curing


   Skills:
 + Level 13.4 Fighting
 + Level 14.6 Maces & Flails
 + Level 7.3 Armour
 + Level 7.1 Dodging
 + Level 0.1 Evocations


You had 7 spell levels left.
You didn't know any spells.
Your spell library was empty.

Dungeon Overview and Level Annotations

Branches:
Dungeon (1/1)

Altars:
Cheibriados
Dithmenos
Elyvilon
Fedhas
Gozag
Hepliaklqana
Kikubaaqudgha
Makhleb
Nemelex Xobeh
Okawaru
Qazlal
Ru
Sif Muna
Trog
Uskayaw
Vehumet
Wu Jian
Xom
Yredelemnul
Zin
The Shining One
Jiyva
Lugonu

Shops:
D !


Innate Abilities, Weirdness & Mutations

You have a pair of horns on your head.
You reflexively headbutt those who attack you in melee.


Message History

The demonic crawler is lightly wounded.
The demonic crawler hits you. The demonic crawler hits you!
The demonic crawler hits you.
Unknown command.
Blink to where?
Press: ? - help, Dir - move target
As you read the scroll of blinking, it crumbles to dust.
You close the door.
There is an open door here.
There is an open door here.
There is an open door here.
Unknown command.
There is an ornate altar of the Wu Jian Council here.
There is a radiant altar of Vehumet here.
You start resting.
You feel yourself speed up.
You start resting.
You recover from your berserk rage.
There is an ornate altar of the Wu Jian Council here.
As you open the door, it creaks loudly!
A centaur warrior comes into view.
The centaur warrior moves out of view.
There is an open door here.
You enter the shallow water.
Moving in this stuff is going to be slow.
Found 4 stones and a scroll labelled OGEUGO YN ZOKU.
A centaur warrior comes into view.
The centaur warrior shouts!
The centaur warrior wields a +0 orcbow.
The centaur warrior shoots an arrow.
The arrow hits you!
The centaur warrior wields a +0 orcbow.
The centaur warrior shoots an arrow.
The arrow hits you!
Unknown command.
The centaur warrior shoots an arrow.
The arrow hits you!!
* * * LOW HITPOINT WARNING * * *
The centaur warrior unwields a +0 orcbow.
The centaur warrior hits you!
* * * LOW HITPOINT WARNING * * *
The centaur warrior kicks you but does no damage.
The centaur warrior shoots an arrow.
The arrow hits you!!
You die...

#######################
#.)').#..'..#__#..+ss.#
'..#..').#..'..'..#).§#
#####'#####'#__####..s's.#
####..#...#.####§?#####..+
#__####..##.#~§§c§# +##
#_____##'#_§'§§§§§+
#_.∩...'..._#~§c@§#
#_..__##_.#'##+####
#_____###+#:# ####### ###


You could see 2 centaur warriors.

Vanquished Creatures
  2 kobold demonologists (D)
  Sigmund (D)
  A slime creature (D)
  A yak (D)
  A floating eye (D)
  An ogre (D)
  A jelly (D)
  Ijyb (D)
9 creatures vanquished.

Notes
Turn   | Place    | Note
-------+----------+-------------------------------------------
     0 | D        | dialectric the Minotaur Berserker began the quest for the
                  | Orb.
     0 | D        | Reached XP level 1. HP: 19/19 MP: 0/0
     2 | D        | Noticed Ijyb
     6 | D        | Killed Ijyb
     7 | D        | Reached skill level 5 in Fighting
     7 | D        | Reached skill level 5 in Maces & Flails
     7 | D        | Reached XP level 2. HP: 16/29 MP: 1/1
    41 | D        | Noticed an ogre
    45 | D        | Killed an ogre
    46 | D        | Reached skill level 8 in Maces & Flails
    46 | D        | Reached XP level 3. HP: 21/40 MP: 2/2
    46 | D        | Reached XP level 4. HP: 26/48 MP: 3/3
    81 | D        | Noticed Sigmund
    89 | D        | Killed Sigmund
    89 | D        | Reached ** piety under Trog
    90 | D        | Reached skill level 10 in Maces & Flails
    90 | D        | Reached skill level 5 in Armour
    90 | D        | Reached XP level 5. HP: 34/58 MP: 4/4
    90 | D        | Reached XP level 6. HP: 39/66 MP: 5/5
   102 | D        | Found a shimmering blue altar of Sif Muna.
   103 | D        | Found an ornate altar of the Wu Jian Council.
   104 | D        | Found a radiant altar of Vehumet.
   108 | D        | Reached skill level 10 in Fighting
   108 | D        | Reached skill level 5 in Dodging
   138 | D        | Found Plog's Distillery.
   138 | D        | Found an ancient bone altar of Kikubaaqudgha.
   138 | D        | Found a hazy altar of Hepliaklqana.
   138 | D        | Found a hide-covered altar of Uskayaw.
   138 | D        | Found a basalt altar of Yredelemnul.
   138 | D        | Found an opulent altar of Gozag.
   138 | D        | Found a snail-covered altar of Cheibriados.
   138 | D        | Found a sacrificial altar of Ru.
   138 | D        | Found a shadowy altar of Dithmenos.
   138 | D        | Noticed a yak
   144 | D        | Killed a yak
   145 | D        | Reached skill level 11 in Maces & Flails
   145 | D        | Found a stormy altar of Qazlal.
   145 | D        | Found a blossoming altar of Fedhas.
   145 | D        | Found a bloodstained altar of Trog.
   145 | D        | Found an iron altar of Okawaru.
   145 | D        | Found a glowing golden altar of the Shining One.
   145 | D        | Found a glowing silver altar of Zin.
   145 | D        | Found a white marble altar of Elyvilon.
   146 | D        | Found a sparkling altar of Nemelex Xobeh.
   150 | D        | Bought a potion of curing for 42 gold pieces
   165 | D        | Found a burning altar of Makhleb.
   165 | D        | Found a shimmering altar of Xom.
   165 | D        | Noticed a slime creature
   173 | D        | Killed a slime creature
   174 | D        | Reached skill level 12 in Maces & Flails
   174 | D        | Reached XP level 7. HP: 18/75 MP: 6/6
   178 | D        | Found a viscous altar of Jiyva.
   178 | D        | Found a corrupted altar of Lugonu.
   359 | D        | Noticed a kobold demonologist
   361 | D        | Reached *** piety under Trog
   362 | D        | Reached skill level 13 in Maces & Flails
   365 | D        | Noticed a kobold demonologist
   368 | D        | Killed a kobold demonologist
   373 | D        | Killed a kobold demonologist
   373 | D        | Reached **** piety under Trog
   374 | D        | Reached skill level 14 in Maces & Flails
   374 | D        | Reached XP level 8. HP: 86/86 MP: 7/7
   379 | D        | Noticed a demonic crawler
   379 | D        | Noticed a demonic crawler
   379 | D        | Noticed a demonic crawler
   379 | D        | Noticed a demonic crawler
   410 | D        | Noticed a centaur warrior
   414 | D        | Noticed a centaur warrior
   415 | D        | Shot with an arrow by a centaur warrior

Illustrated notes

Levels and vault maps discovered:
D:        dungeon_sprint_1 [red_sonja_temple_1, red_sonja_temple_small_1]

Skill      XL: |  1  2  3  4  5  6  7 |
---------------+----------------------+-----
Fighting       | 5 7 9 11 13 | 13.4
Maces & Flails | 5 8 10 12 14 | 14.6
Armour         | 3 4 5 6 7 |  7.3
Dodging        | 3 4 6 7 |  7.1
Evocations     | |  0.1

Action                     |  1- 3 |  4- 6 |  7- 9 || total
---------------------------+-------+-------+-------++-------
  Melee: Mace              |     5 |    15 |    13 ||    33
         Punch             |     1 |     1 |       ||     2
         Headbutt          |     1 |     6 |     1 ||     8
 Invoke: Berserk           |     2 |     1 |     1 ||     4
  Evoke: Wand              |       |     1 |       ||     1
    Use: Potion            |       |     1 |       ||     1
         Scroll            |       |       |     1 ||     1
 Armour: Leather armour    |       |       |     1 ||     1
  Dodge: Dodged            |       |    10 |     4 ||    14

Table legend: (Time is in decaauts)
 A = Elapsed time spent in this place.
 B = Non-inter-level travel time spent in this place.
 C = Inter-level travel time spent in this place.
 D = Time resting spent in this place.
 E = Time spent auto-exploring this place.
 F = Levels seen in this place.
 G = Mean time per level.
                   A        B        C        D        E       F      G
               +--------+--------+--------+--------+--------+-----+--------+
         Total |    447 |    447 |      0 |    245 |      0 |   1 |  447.0 |
       Dungeon |    447 |    447 |      0 |    245 |      0 |   1 |  447.0 |
               +--------+--------+--------+--------+--------+-----+--------+

Top non-repeatable levels by time:
       D: 447 daAuts
